AoeStats
← uu

African Clearing

510459938Analyzed
4v4 RM · 22h ago on Oct 1, 2026· 54m 12s· 8 players
Game mode
Random Map
Map size
Large (8 player)
Population
200
Speed
Normal
Resources
Standard
Victory
Conquest
Starting age
Dark Age
Ending age
Imperial Age
RankedLock teamsTeams togetherTeam positionsShared explorationLock speedFull tech treeHidden civsTurbo modeCheats
Victory
Defeat
🇧🇷 Berbers · Brazil
1452
+12
🇺🇸 Varangians · United States
1386
+14
🇨🇳 Spanish · China
1378
+15
🇵🇦 Georgians · Panama
1348
+15
🇨🇳 Huns · China
1380
-15
🇦🇺 Sicilians · Australia
1346
-14
🇺🇸 Khmer · United States
1346
-14
🇺🇸 Burgundians · United States
1323
-13
Spider2YBanana
13:52 Feudal Age
17:54 Castle Age
15:51 Loom
18:07 Castle Age
16:02 Double-Bit Axe
19:31 Bow Saw
21:36 Horse Collar
23:50 Squires
30:58 Wheelbarrow
41:11 Imperial Age
40:38 Scale Mail Armor
40:00 Vendel Legacy
42:04 Chain Mail Armor
41:59 Gothikon
43:00 Conscription
42:23 Gothikon
43:41 Plate Mail Armor
44:02 Forging
43:17 Pikeman
44:51 Fletching
47:17 Bodkin Arrow
49:44 Iron Casting
51:35 Conscription
52:22 Blast Furnace
51:35 Arson
51:22 Elite Varangian Guard
51:48 Arson
53:29 Bracer
Perseu
10:42 Loom
12:48 Feudal Age
14:07 Double-Bit Axe
16:54 Castle Age
17:09 Fletching
18:13 Bow Saw
19:31 Bodkin Arrow
26:22 Padded Archer Armor
29:07 Wheelbarrow
28:44 Gold Mining
30:56 Ballistics
33:09 Horse Collar
35:40 Heavy Plow
39:53 Imperial Age
38:13 Gold Shaft Mining
38:19 Hand Cart
39:33 Stone Mining
39:57 Elite Camel Archer
40:39 Bracer
41:41 Chemistry
42:02 Caravan
43:30 Conscription
43:56 Town Watch
45:35 Scale Barding Armor
45:41 Forging
45:42 Bloodlines
45:33 Husbandry
44:54 Light Cavalry
48:31 Chain Barding Armor
48:47 Iron Casting
48:31 Leather Archer Armor
49:31 Hussar
51:32 Blast Furnace
53:19 Plate Barding Armor
54:18 Crop Rotation
uu
4:23 Loom
15:35 Feudal Age
23:09 Castle Age
25:54 Wheelbarrow
31:40 Horse Collar
34:30 Heavy Plow
40:05 Double-Bit Axe
42:29 Bow Saw
43:10 Gold Mining
45:02 Stone Mining
46:53 Hand Cart
47:52 Stone Shaft Mining
50:16 Husbandry
50:26 Bloodlines
53:04 Imperial Age
50:49 Padded Archer Armor
53:08 Elite Conquistador
54:12 Conscription
55:04 Two-Man Saw
54:37 Leather Archer Armor
Xerg
4:24 Loom
13:23 Feudal Age
17:11 Castle Age
15:13 Double-Bit Axe
15:58 Gold Mining
16:58 Scale Barding Armor
18:19 Bloodlines
22:21 Chain Barding Armor
23:44 Forging
26:09 Iron Casting
27:15 Bow Saw
29:30 Stone Mining
30:35 Wheelbarrow
30:07 Town Watch
31:14 Stone Shaft Mining
30:56 Masonry
30:59 Husbandry
32:46 Fletching
32:49 Guard Tower
33:40 Bodkin Arrow
33:56 Murder Holes
34:30 Svan Towers
34:49 Ballistics
36:24 Hand Cart
40:22 Imperial Age
37:44 Light Cavalry
40:29 Treadmill Crane
40:33 Horse Collar
41:40 Plate Barding Armor
41:09 Bracer
41:46 Keep
42:11 Chemistry
42:16 Conscription
41:54 Hussar
43:08 Architecture
44:37 Aznauri Cavalry
54:18 Blast Furnace
54:43 Heavy Plow
BlueIce
11:36 Feudal Age
12:35 Double-Bit Axe
18:40 Loom
21:51 Castle Age
22:55 Bow Saw
23:20 Horse Collar
26:02 Wheelbarrow
29:21 Hand Cart
29:37 Bloodlines
31:55 Scale Barding Armor
33:05 Light Cavalry
33:45 Husbandry
35:34 Chain Barding Armor
37:52 Imperial Age
36:06 Town Watch
36:04 Horse Collar
37:12 Chain Barding Armor
37:03 Forging
37:58 Hussar
39:54 Plate Barding Armor
39:54 Iron Casting
41:45 Chemistry
41:06 Ballistics
44:04 Gold Mining
44:17 Town Patrol
44:42 Conscription
45:01 Double Crossbow
45:31 Siege Engineers
46:51 Fletching
47:51 Masonry
48:57 Elite Ballista Elephant
2cheasy
10:23 Loom
13:52 Feudal Age
17:56 Castle Age
23:34 Town Watch
24:14 Horse Collar
25:01 Fletching
28:04 Bodkin Arrow
30:40 Ballistics
36:04 Padded Archer Armor
39:58 Imperial Age
41:00 Wheelbarrow
40:09 Cranequins
42:13 Bracer
44:06 Heavy Mounted Crossbowman
后入显风格
5:26 Loom
13:00 Feudal Age
14:15 Double-Bit Axe
21:53 Castle Age
22:18 Fletching
25:46 Bow Saw
33:06 Wheelbarrow
34:01 Horse Collar
34:30 Gold Mining
35:54 Heavy Plow
40:30 Imperial Age
41:08 Marauders
41:27 Stone Mining
42:13 Gold Shaft Mining
42:18 Bloodlines
42:19 Scale Barding Armor
42:25 Forging
42:51 Hand Cart
43:14 Conscription
43:43 Husbandry
44:22 Chain Barding Armor
44:38 Iron Casting
44:46 Capped Ram
46:08 Plate Barding Armor
47:02 Elite Tarkan
50:18 Blast Furnace
51:51 Light Cavalry
vuongan255
13:22 Feudal Age
13:17 Loom
15:53 Scale Barding Armor
20:02 Castle Age
20:27 Double-Bit Axe
20:22 Horse Collar
20:35 Gold Mining
24:06 Chain Barding Armor
23:51 Husbandry
25:20 Bow Saw
27:08 Fletching
27:22 Cavalier
28:55 Light Cavalry
30:29 Horse Collar
33:31 Wheelbarrow
37:26 Bodkin Arrow
38:43 Gold Shaft Mining
38:10 Heavy Plow
41:13 Imperial Age
41:18 Hussar
42:53 Plate Barding Armor
42:32 Forging
44:27 Paladin
47:09 Iron Casting
49:45 Town Watch
Connection lost

Rejoining the realm…

Still unreachable

The connection could not be restored.

Session expired

The server has moved on; the page needs a fresh start.